AoeStats
← Iamak3186

Arabia

503399785Analyzed
1v1 RM · 1mo ago on Aug 31, 2026· 39m 27s· 2 players
Game mode
Random Map
Map size
Tiny (2 player)
Population
200
Speed
Normal
Resources
Standard
Victory
Conquest
Starting age
Dark Age
Ending age
Imperial Age
RankedLock teamsTeams togetherTeam positionsShared explorationLock speedFull tech treeHidden civsTurbo modeCheats
Victory
Defeat
🇩🇪 Inca · Germany
1300
+16
🇮🇳 Mongols · India
1306
-16
l1ttl3
5:55 Loom
8:56 Feudal Age
9:54 Double-Bit Axe
9:31 Champi Runner
20:10 Castle Age
19:02 Gold Mining
19:51 Horse Collar
21:00 Bow Saw
20:14 Champi Warrior
20:51 Crossbowman
22:04 Fletching
24:11 Padded Archer Armor
24:53 Bodkin Arrow
27:39 Ballistics
28:04 Scale Mail Armor
28:20 Leather Archer Armor
28:57 Heavy Plow
28:50 Stone Mining
30:36 Thumb Ring
34:37 Forging
34:42 Chain Mail Armor
37:36 Wheelbarrow
37:26 Chain Mail Armor
37:47 Iron Casting
39:29 Iron Casting
Iamak3186
5:23 Loom
8:00 Feudal Age
8:57 Double-Bit Axe
11:08 Town Watch
19:56 Castle Age
18:58 Fletching
19:20 Bloodlines
19:40 Gold Mining
19:32 Horse Collar
20:58 Bow Saw
21:28 Bodkin Arrow
26:39 Padded Archer Armor
29:38 Ballistics
33:11 Husbandry
33:07 Light Cavalry
34:17 Scale Barding Armor
34:58 Thumb Ring
Connection lost

Rejoining the realm…

Still unreachable

The connection could not be restored.

Session expired

The server has moved on; the page needs a fresh start.